 Dungeon Crawl Stone Soup version 0.23.2 (webtiles) character file.

Game seed: 8001999406552877992

130 corax the Fighter (level 5, -12/51 HPs)
             Began as a Gnoll Wanderer on Apr 7, 2019.
             Was an Initiate of Gozag.
             Killed from afar by Ijyb (16 damage)
             ... with a wand of acid (9)
             ... on level 3 of the Dungeon.
             The game lasted 00:08:44 (2627 turns).

corax the Fighter (Gnoll Wanderer)                  Turns: 2627, Time: 00:08:44

Health: -12/51     AC:  3    Str: 15    XL:     5   Next: 13%
Magic:  7/7        EV: 11    Int: 15    God:    Gozag
Gold:   91         SH:  0    Dex: 17    Spells: 6/6 levels left

rFire    . . .     SeeInvis .   a - +2 mace
rCold    . . .     Gourm    .   (no shield)
rNeg     . . .     Faith    .   r - +0 ring mail
rPois    .         Spirit   .   i - +0 helmet
rElec    .         Reflect  .   (no cloak)
rCorr    .         Harm     .   (no gloves)
MR       .....                  (no boots)
Stlth    +.........             (no amulet)
HPRegen  0.17/turn              g - +3 ring of dexterity
MPRegen  0.10/turn              (no ring)

@: corroded
A: distributed training, fangs 1, strong nose
a: Potion Petition, Call Merchant, Bribe Branch, Renounce Religion


You were on level 3 of the Dungeon.
You worshipped Gozag.
Gozag was noncommittal.
You were not hungry.

You visited 1 branch of the dungeon, and saw 3 of its levels.

You collected 123 gold pieces.
You paid 32 gold pieces to Gozag.

Inventory:

Hand Weapons
 a - a +2 mace (weapon)
 b - a +1 dagger of holy wrath
Missiles
 e - 27 stones (quivered)
Armour
 i - a +0 helmet (worn)
 r - a +0 ring mail (worn)
Jewellery
 g - a +3 ring of dexterity (left hand)
 q - an uncursed ring of protection from cold
Wands
 w - a wand of flame (17)
Scrolls
 c - 2 scrolls of teleportation
 l - a scroll of magic mapping {unknown}
 m - 2 scrolls of identify {unknown}
 o - a scroll of random uselessness {unknown}
 p - 2 scrolls of enchant armour {unknown}
 s - a scroll of fear {unknown}
 u - a scroll of remove curse {unknown}
Potions
 f - a potion of cancellation {unknown}
 h - 2 potions of magic {unknown}
 j - 2 potions of curing {unknown}
 k - 3 potions of brilliance {unknown}
 n - a potion of heal wounds {unknown}
 t - a potion of flight {unknown}
 v - a potion of might {unknown}
Comestibles
 d - 6 rations


   Skills:
 + Level 8.6 Fighting
 + Level 1.3 Short Blades
 + Level 1.3 Long Blades
 + Level 2.9 Axes
 + Level 2.9 Maces & Flails
 + Level 1.3 Polearms
 + Level 1.3 Staves
 + Level 1.3 Slings
 + Level 1.3 Bows
 + Level 1.3 Crossbows
 + Level 2.9 Throwing
 + Level 4.7 Armour
 + Level 1.3 Dodging
 + Level 1.3 Stealth
 + Level 2.9 Shields
 + Level 1.3 Unarmed Combat
 + Level 1.3 Spellcasting
 + Level 1.1 Conjurations
 + Level 1.1 Hexes
 + Level 1.1 Charms
 + Level 1.1 Summonings
 + Level 1.1 Necromancy
 + Level 1.1 Translocations
 + Level 1.1 Transmutations
 + Level 1.1 Fire Magic
 + Level 1.1 Ice Magic
 + Level 1.1 Air Magic
 + Level 1.1 Earth Magic
 + Level 1.1 Poison Magic
 + Level 1.5 Invocations
 + Level 1.3 Evocations


You had 6 spell levels left.
You didn't know any spells.
Your spell library contained the following spells:

 Spells                   Type           Power        Failure   Level  Hunger
 Magic Dart               Conj           #...         28%         1    ##.....
 Blink                    Tloc           N/A          38%         2    ###....
 Call Imp                 Summ           #.......     38%         2    ###....
 Slow                     Hex            #.......     38%         2    ###....
 Conjure Flame            Conj/Fire      #.......     63%         3    ####...
 Mephitic Cloud           Conj/Pois/Air  #.......     63%         3    ####...


Dungeon Overview and Level Annotations

Branches:
Dungeon (3/15)

Altars:
Dithmenos
Fedhas
Gozag
Qazlal

Annotations:
D:3 Ijyb


Innate Abilities, Weirdness & Mutations

Your experience applies equally to all skills.
You have very sharp teeth.
Your uncanny sense of smell can sniff out nearby items.


Message History

Aiming: Throw Flame
Press: ? - help, Shift-Dir - straight line, f/p - Ijyb
Aim: Ijyb, wearing a +0 leather armour and carrying a wand of acid (10) (moderately wounded)
The puff of flame hits Ijyb but does no damage.
Ijyb is moderately wounded.
You thump Ijyb!
Ijyb is severely wounded.
Ijyb zaps a wand.
The bolt of acid hits you!
* * * LOW HITPOINT WARNING * * *
The acid corrodes you!
You are splashed with acid!
* * * LOW HITPOINT WARNING * * *
You miss Ijyb.
Ijyb is severely wounded.
Ijyb hits you but does no damage. Ijyb hits you.
* * * LOW HITPOINT WARNING * * *
You barely miss Ijyb.
Ijyb is severely wounded.
Ijyb zaps a wand.
The bolt of acid hits you!
You die...
Your body crumbles into a pile of gold.

#..........# #..........#
#..........# #..........#
.## #..........# %...##
##........##
#...#####........##
#.g.##..........####
#@##..............
#####.##.............. #
#......#.............. #
#......#.............. #
#.......#............. #
#..................... #
##..................... #
#....[)..##.####....).. #
######....[[.....####.....(.


You could see Ijyb.

Vanquished Creatures
  An orc priest (D:3)
  4 adders
  4 leopard geckos
  8 orcs (D:3)
  2 giant cockroaches
  6 goblins
  7 hobgoblins
  3 jackals (D:2)
  2 quokkas
  A bat (D:1)
  A frilled lizard (D:2)
  4 kobolds
  7 rats
50 creatures vanquished.

Notes
Turn   | Place    | Note
-------+----------+-------------------------------------------
     0 | D:1      | corax the Gnoll Wanderer began the quest for the Orb.
     0 | D:1      | corax set off with the following items: a +2 mace, a +0
                  | ring mail, a scroll of teleportation, a ration
     0 | D:1      | Reached XP level 1. HP: 26/26 MP: 1/1
   164 | D:1      | Reached XP level 2. HP: 33/33 MP: 2/2
  1010 | D:2      | Reached XP level 3. HP: 26/38 MP: 3/3
  1030 | D:2      | Found a blossoming altar of Fedhas.
  1031 | D:2      | Found a stormy altar of Qazlal.
  1031 | D:2      | Found a shadowy altar of Dithmenos.
  1173 | D:2      | Found an opulent altar of Gozag.
  1445 | D:2      | Reached skill level 1 in Invocations
  2093 | D:3      | Reached skill level 1 in Short Blades
  2093 | D:3      | Reached skill level 1 in Long Blades
  2093 | D:3      | Reached skill level 1 in Polearms
  2093 | D:3      | Reached skill level 1 in Staves
  2093 | D:3      | Reached skill level 1 in Slings
  2093 | D:3      | Reached skill level 1 in Bows
  2093 | D:3      | Reached skill level 1 in Crossbows
  2093 | D:3      | Reached skill level 1 in Dodging
  2093 | D:3      | Reached skill level 1 in Stealth
  2093 | D:3      | Reached skill level 1 in Unarmed Combat
  2093 | D:3      | Reached skill level 1 in Spellcasting
  2093 | D:3      | Reached skill level 1 in Evocations
  2102 | D:3      | Reached XP level 4. HP: 39/45 MP: 5/5
  2291 | D:3      | Reached skill level 1 in Conjurations
  2291 | D:3      | Reached skill level 1 in Hexes
  2291 | D:3      | Reached skill level 1 in Charms
  2291 | D:3      | Reached skill level 1 in Summonings
  2291 | D:3      | Reached skill level 1 in Necromancy
  2291 | D:3      | Reached skill level 1 in Translocations
  2291 | D:3      | Reached skill level 1 in Transmutations
  2291 | D:3      | Reached skill level 1 in Fire Magic
  2291 | D:3      | Reached skill level 1 in Ice Magic
  2291 | D:3      | Reached skill level 1 in Air Magic
  2291 | D:3      | Reached skill level 1 in Earth Magic
  2291 | D:3      | Reached skill level 1 in Poison Magic
  2296 | D:3      | Reached XP level 5. HP: 41/51 MP: 6/6
  2585 | D:2      | Became a worshipper of Gozag Ym Sagoz the Greedy
  2619 | D:3      | Noticed Ijyb
  2627 | D:3      | Killed from afar by Ijyb

Skill      XL: |  1  2  3  4 |
---------------+-------------+-----
Invocations    | 1 |  1.5
Short Blades   | 1 |  1.3
Long Blades    | 1 |  1.3
Polearms       | 1 |  1.3
Staves         | 1 |  1.3
Slings         | 1 |  1.3
Bows           | 1 |  1.3
Crossbows      | 1 |  1.3
Dodging        | 1 |  1.3
Stealth        | 1 |  1.3
Unarmed Combat | 1 |  1.3
Spellcasting   | 1 |  1.3
Evocations     | 1 |  1.3
Conjurations   | 1 |  1.1
Hexes          | 1 |  1.1
Charms         | 1 |  1.1
Summonings     | 1 |  1.1
Necromancy     | 1 |  1.1
Translocations | 1 |  1.1
Transmutations | 1 |  1.1
Fire Magic     | 1 |  1.1
Ice Magic      | 1 |  1.1
Air Magic      | 1 |  1.1
Earth Magic    | 1 |  1.1
Poison Magic   | 1 |  1.1
Fighting       | |  8.6
Axes           | |  2.9
Maces & Flails | |  2.9
Throwing       | |  2.9
Armour         | |  4.7
Shields        | |  2.9

Action                   |  1- 3 |  4- 6 || total
-------------------------+-------+-------++-------
Melee: Mace              |    81 |    38 ||   119
       Bite              |     9 |     3 ||    12
       Punch             |     1 |       ||     1
Throw: Stone             |    58 |    48 ||   106
Evoke: Wand              |       |     7 ||     7
  Eat: Chunk             |     2 |     3 ||     5
Armor: Ring mail         |    35 |    18 ||    53
Dodge: Dodged            |    37 |    21 ||    58
